 Dungeon Sprint DCSS version 0.30.0-19-g36f170ea60 (webtiles) character file.

Game seed: 6889949355762463362

14045 bmack86 the Severer (level 11, -39/106 HPs)
             Began as a Minotaur Fighter on May 28, 2023.
             Was an Initiate of Gozag.
             Killed from afar by Geniwuza the pandemonium lord (54 damage)
             ... with a bolt of dispelling energy
             ... in the Dungeon (Sprint V: "Ziggurat Sprint").
             The game lasted 00:11:11 (625 turns).

bmack86 the Severer (Minotaur Fighter)               Turns: 625, Time: 00:11:12

Health: -39/106    AC: 33    Str: 32    XL:     11   Next: 83%
Magic:  10/10      EV:  3    Int:  6    God:    Gozag
Gold:   2892       SH: 31    Dex:  9    Spells: 10/10 levels left

rFire   + . .        D - +16 obsidian axe {drain, demonic, Mesm Drain Fly SInv}
rCold   + . .        F - +18 shield of the Gong {Loud rN+ Will+ rCorr EV-5}
rNeg    + . .        E - +15 Maxwell's patent armour {-Cast -Tele rElec Will+ rCorr}
rPois   +            (helmet restricted)
rElec   +            (no cloak)
rCorr   +            (no gloves)
SInv    +            (no boots)
Will    ++...        I - amulet "Ilerphuet" {Harm rPois Regen+ rCorr Int-5} Stlth
                     A - +6 ring of strength
HPRegen 1.17/turn    z - +6 ring of intelligence
MPRegen 0.12/turn

%: no teleportation, no spellcasting, harm (+30% outgoing, +20% incoming)
@: brilliant, resistant (expiring), gold aura, flying, mesmerised, hasted
(expiring), studying Conjurations, very quick
A: horns 2, retaliatory headbutt, frail 1
a: Renounce Religion, Potion Petition, Call Merchant, Bribe Branch


You were in the Dungeon.
You worshipped Gozag.
Gozag was most pleased with you.
You visited 1 branch You collected 4284 gold pieces.
You paid 1392 gold pieces to Gozag.

Inventory:

Hand Weapons
 D - the +16 obsidian axe (weapon) {drain, demonic, Mesm Drain Fly SInv}
   (You found it in the Dungeon)

   Mesm:      Its wielder is mesmerised by any visible foes, and it cannot be
   unequipped while any foes are visible.
   SInv:      It lets you see invisible.
   Fly:       It grants you flight.
   Drain:     It drains your maximum health when unequipped.
Missiles
 n - a throwing net (quivered)
Armour
 E - the +15 Maxwell's patent armour (worn) {-Cast -Tele rElec Will+ rCorr}
   (You found it in the Dungeon)

   rElec:     It insulates you from electricity.
   -Cast:     It prevents spellcasting.
   -Tele:     It prevents most forms of teleportation.
   rCorr:     It protects you from acid and corrosion.
   Will:      It increases your willpower.
 F - the +18 shield of the Gong (worn) {Loud rN+ Will+ rCorr EV-5}
   (You found it in the Dungeon)

   Loud:      It is deafeningly noisy when blocking attacks.
   EV:        It affects your evasion (-5).
   rN:        It protects you from negative energy.
   rCorr:     It protects you from acid and corrosion.
   Will:      It increases your willpower.
Jewellery
 z - a +6 ring of intelligence (right hand)
 A - a +6 ring of strength (left hand)
 B - a +6 ring of strength
 I - the amulet "Ilerphuet" (around neck) {Harm rPois Regen+ rCorr Int-5}
   (You found it in the Dungeon)

   [amulet of regeneration]

   Int:       It affects your intelligence (-5).
   rPois:     It protects you from poison.
   Regen:     It increases your rate of health regeneration.
   rCorr:     It protects you from acid and corrosion.
   Harm:      It increases damage dealt and taken.
 P - a ring of resist corrosion
Wands
 s - a wand of mindburst (7)
 t - a wand of iceblast (12)
 u - a wand of quicksilver (8)
 C - a wand of paralysis (19)
 N - a wand of polymorph (7)
 O - a wand of flame (17)
Scrolls
 j - 4 scrolls of blinking
 o - 4 scrolls of amnesia
 p - 7 scrolls of fog
 q - 5 scrolls of identify
 r - 2 scrolls of fear
Potions
 d - 7 potions of might
 e - 10 potions of curing
 f - 7 potions of heal wounds
 g - 10 potions of haste
 h - 7 potions of magic
 i - 3 potions of berserk rage
 k - 2 potions of brilliance
 l - 2 potions of invisibility
 m - 4 potions of resistance


   Skills:
 + Level 17.7 Fighting
 - Level 19.3 Axes
 + Level 17.7 Armour
 + Level 17.8 Shields


You had 10 spell levels left.
You didn't know any spells.
Your spell library contained the following spells:

 Spells                   Type           Power      Damage    Failure   Level
 Apportation              Tloc           0%         N/A       95%         1
 Kiss of Death            Conj/Necr      0%         2d5       95%         1
 Necrotise                Necr           0%         1d4       95%         1
 Summon Small Mammal      Summ           0%         N/A       95%         1
 Cigotuvi's Dreadful Rot  Necr/Pois/Air  0%         N/A       99%         2
 Sublimation of Blood     Necr           0%         N/A       99%         2
 Dazzling Flash           Conj/Hex       0%         N/A       100%        3
 Tukima's Dance           Hex            0%         N/A       100%        3
 Cause Fear               Hex            0%         N/A       100%        4
 Passage of Golubria      Tloc           0%         N/A       100%        4
 Agony                    Necr           0%         N/A       100%        5
 Alistair's Intoxication  Tmut/Pois      0%         N/A       100%        5
 Borgnjor's Vile Clutch   Necr/Erth      0%         N/A       100%        5
 Freezing Cloud           Conj/Ice/Air   0%         6-21      100%        5
 Lee's Rapid Deconstruct  Erth           0%         3d4*      100%        5
 Silence                  Hex/Air        0%         N/A       100%        5
 Yara's Violent Unravell  Hex/Tmut       0%         3d3       100%        5
 Eringya's Noxious Bog    Tmut/Pois      0%         N/A       100%        6
 Dragon Form              Tmut           0%         N/A       100%        7
 Ozocubu's Refrigeration  Ice            0%         4d7       100%        7
 Borgnjor's Revivificati  Necr           0%         N/A       100%        8
 Infestation              Necr           0%         N/A       100%        8
 Maxwell's Capacitive Co  Air            0%         ∞         100%        8
 Dragon's Call            Summ           0%         N/A       100%        9
 Polar Vortex             Ice            0%         N/A       100%        9
 Simulacrum               Ice/Necr       Unusable   N/A       N/A         6

Dungeon Overview and Level Annotations

Branches:
Dungeon (1/1)

Altars:
Ashenzari
Cheibriados
Dithmenos
Elyvilon
Fedhas
Gozag
Hepliaklqana
Kikubaaqudgha
Makhleb
Nemelex Xobeh
Okawaru
Qazlal
Ru
Sif Muna
Trog
Uskayaw
Vehumet
Wu Jian
Xom
Yredelemnul
Zin
The Shining One
Jiyva
Lugonu

Annotations:
D 1 transporter


Innate Abilities, Weirdness & Mutations

You have a pair of horns on your head.
You reflexively headbutt those who attack you in melee.
You are frail. (-10% HP)


Message History

Geniwuza is distracted by your dazzling golden aura.
Geniwuza trumpets, "Embrace thy dedition, thou errant folly-fallen codpiece!"
Unknown command.
You slice the Tzitzimitl!!
You kill the Tzitzimitl!
You slice the green death!! You open a gate to Pandemonium!
A demon appears!
You slash the soul eater! You slash Geniwuza!
Geniwuza is no longer distracted by gold.
You slash the blizzard demon!
You kill the blizzard demon!
Visions of slaying the green death flood into your mind.
You are engulfed in freezing vapours.
You resist.
* * * LOW HITPOINT WARNING * * *
Your rust devil hits the orange demon.
The orange demon seems to be corroded for longer.
You block the orange demon's attack.
GONNNNG!
Pozuobut gestures.
Pozuobut blinks!
The green death gestures at you. The bolt of poison hits you. You resist.
* * * LOW HITPOINT WARNING * * *
Your life force feels restored.
You slash the ice devil!
The ice devil is moderately wounded.
You slash the soul eater!
You kill the soul eater!
The soul eater disappears in a puff of smoke!
You slice Geniwuza!! You slash the green death!
You break out of your daze!
You kill the green death!
The green death disappears in a puff of smoke!
Visions of slaying the ice devil flood into your mind.
You are engulfed in freezing vapours.
You resist. Geniwuza gestures at you.
The bolt of dispelling energy hits you!!!
Your magical effects are unravelling.
Ouch! That really hurt!
You die...
Your body crumbles into a pile of gold.

▓....©....▓...©...▓
▓▓▓▓▓▓▓▓▓▓▓▓▓▓▓▓▓▓▓▓▓
▓...8©8...▓...8©8...▓
▓&.")?:)..▓..[|||...▓
▓../|=))..▓.....|?..▓
▓...§.....▓.....3...▓
▓..1°..4..▓.....)...▓
▓..°&4§4..▓....=....▓
▓..°4@$...▓.........▓
▓....4§...▓.▓.....▓.▓
▓.▓.....▓.▓....©....▓
▓....©....▓▓▓▓▓▓▓▓▓▓▓
▓▓▓▓▓▓▓▓▓▓▓


You could see Geniwuza (clouds, ally target), Pozuobut, a Brimstone Fiend
(summoned), an orange demon (corroded, ally target), an ice devil (mesmerising,
ally target), 2 friendly hellwings and a friendly rust devil (summoned).

Vanquished Creatures
  A Tzitzimitl (D)
  An Executioner (D)
  A tentacled starspawn (D)
  An ironbound preserver (D)
  A blizzard demon (D)
  A wretched star (D)
  A shining eye (D)
  2 slime creatures (D)
  A rust devil (D)
  2 toenail golems (D)
  An eye of devastation (D)
  A smoke demon (D)
  2 vault sentinels (D)
  A yaktaur (D)
  4 merfolk (D)
  A large abomination (D)
  A ynoxinul (D)
  A neqoxec (D)
  A golden eye (D)
  2 floating eyes (D)
  A swamp drake (D)
  4 earth elementals (D)
  2 crimson imps (D)
  A quasit (D)
  A jelly (D)
  2 iron imps (D)
  2 shadow imps (D)
  An ufetubus (D)
  An adder zombie (D)
  2 endoplasms (D)
  A jackal zombie (D)
  2 starspawn tentacles (D)
47 creatures vanquished.

Vanquished Creatures (collateral kills)
  An ironbound preserver (D)
  2 rime drakes (D)
  2 yaktaurs (D)
  An efreet (D)
  2 wyverns (D)
  A swamp drake (D)
  A quasit (D)
  3 ufetubi (D)
13 creatures vanquished.

Vanquished Creatures (others)
  A sixfirhy (D)
  2 starspawn tentacles (D)
3 creatures vanquished.

Grand Total: 63 creatures vanquished

Notes
Turn   | Place    | Note
-------+----------+-------------------------------------------
     0 | D        | bmack86 the Minotaur Fighter began the quest for the Orb.
     0 | D        | Reached XP level 1. HP: 19/19 MP: 0/0
     0 | D        | Found a shimmering blue altar of Sif Muna.
     0 | D        | Found a bloodstained altar of Trog.
     0 | D        | Found a sacrificial altar of Ru.
     0 | D        | Found a stormy altar of Qazlal.
     0 | D        | Found an iron altar of Okawaru.
     1 | D        | Found a sparkling altar of Nemelex Xobeh.
     1 | D        | Found a blossoming altar of Fedhas.
     1 | D        | Found the +6 Majin-Bo {spellvamp, MP+6 Int+6}
     1 | D        | Found the +27 heavy crossbow "Sniper" {heavy, Acc+∞ SInv}
     1 | D        | Found the +10 dark maul {heavy}
     1 | D        | Found the +15 Maxwell's patent armour {-Cast -Tele rElec
                  | Will+ rCorr}
     1 | D        | Found the +18 shield of the Gong {Loud rN+ Will+ rCorr
                  | EV-5}
     1 | D        | Found the +16 obsidian axe {drain, demonic, Mesm Drain Fly
                  | SInv}
     1 | D        | Found the +7 great mace "Firestarter" {flame, immolate,
                  | rFlCloud rF++}
     1 | D        | Found the +6 shillelagh "Devastator" {shatter}
     1 | D        | Found the +11 plutonium sword {Contam Stlth-}
     1 | D        | Found the +8 lance "Wyrmbane" {slay drac, rPois rF+ rC+
                  | AC+3}
     1 | D        | Found the +9 sword of Zonguldrok {reap}
     1 | D        | Found the +13 scythe of Curses {drain, curses, Drain}
     1 | D        | Found the +9 sword of Power {lifebolt}
     1 | D        | Found the +7 mace of Variability {chaos, chaos arc}
     1 | D        | Found the +11 Singing Sword {sonic wave}
     1 | D        | Found the +8 storm bow {elec, penet}
     3 | D        | Found a transporter.
     3 | D        | Found an ancient bone altar of Kikubaaqudgha.
     3 | D        | Found a viscous altar of Jiyva.
     3 | D        | Found a corrupted altar of Lugonu.
     3 | D        | Found a hazy altar of Hepliaklqana.
     3 | D        | Found a burning altar of Makhleb.
     3 | D        | Found an opulent altar of Gozag.
    45 | D        | Reached skill level 9 in Axes
    45 | D        | Reached XP level 2. HP: 26/26 MP: 1/1
    61 | D        | Became a worshipper of Gozag Ym Sagoz the Greedy
    70 | D        | Entered arena 2.
    70 | D        | Noticed a smoke demon
    70 | D        | Found a transporter.
    73 | D        | Killed a smoke demon
    74 | D        | Reached skill level 15 in Axes
    74 | D        | Reached XP level 3. HP: 17/31 MP: 2/2
    74 | D        | Reached XP level 4. HP: 21/39 MP: 3/3
    74 | D        | Reached XP level 5. HP: 25/45 MP: 4/4
    74 | D        | Reached XP level 6. HP: 28/51 MP: 5/5
   159 | D        | Entered arena 3.
   159 | D        | Noticed a floating eye
   159 | D        | Noticed a floating eye
   159 | D        | Found a transporter.
   162 | D        | Killed a floating eye
   163 | D        | Reached skill level 16 in Axes
   163 | D        | Killed a floating eye
   164 | D        | Reached skill level 17 in Axes
   176 | D        | Entered arena 4.
   176 | D        | Noticed a merfolk
   176 | D        | Noticed a merfolk
   176 | D        | Noticed a merfolk
   176 | D        | Noticed a merfolk
   176 | D        | Found a transporter.
   180 | D        | Killed a merfolk
   181 | D        | Reached skill level 5 in Fighting
   181 | D        | Reached skill level 18 in Axes
   181 | D        | Reached skill level 5 in Armour
   181 | D        | Reached skill level 5 in Shields
   181 | D        | Reached XP level 7. HP: 44/61 MP: 6/6
   181 | D        | Killed a merfolk
   181 | D        | Noticed a sun demon
   183 | D        | Killed a merfolk
   184 | D        | Reached XP level 8. HP: 51/73 MP: 7/7
   188 | D        | Killed a merfolk
   254 | D        | Entered arena 5.
   254 | D        | Found a transporter.
   282 | D        | Entered arena 6.
   282 | D        | Found a transporter.
   295 | D        | Got the amulet "Ilerphuet" {Harm rPois Regen+ rCorr Int-5}
   314 | D        | Entered arena 7.
   314 | D        | Noticed a toenail golem
   314 | D        | Noticed a toenail golem
   315 | D        | Found a transporter.
   319 | D        | Killed a toenail golem
   319 | D        | Killed a toenail golem
   319 | D        | Noticed an ice devil
   320 | D        | Reached skill level 19 in Axes
   320 | D        | Reached XP level 9. HP: 75/84 MP: 8/8
   345 | D        | Got the Papyrus of the Birds and the Fjord
   384 | D        | Entered arena 8.
   384 | D        | Noticed a rime drake
   384 | D        | Noticed a rime drake
   385 | D        | Killed a rime drake
   386 | D        | Reached skill level 10 in Fighting
   386 | D        | Reached skill level 10 in Armour
   386 | D        | Reached skill level 10 in Shields
   387 | D        | Found a transporter.
   390 | D        | Killed a rime drake
   406 | D        | Got the Papyrus of Last Rites
   417 | D        | Entered arena 9.
   417 | D        | Found the +10 tower shield of Ignorance {rN+ Int-4}
   417 | D        | Noticed a vault sentinel
   417 | D        | Noticed an ironbound preserver
   417 | D        | Noticed a yaktaur
   417 | D        | Noticed an ironbound preserver
   417 | D        | Noticed a yaktaur
   417 | D        | Noticed a yaktaur
   417 | D        | Noticed a vault sentinel
   418 | D        | Found a transporter.
   420 | D        | Killed a yaktaur
   422 | D        | Killed a yaktaur
   423 | D        | Reached XP level 10. HP: 97/97 MP: 9/9
   423 | D        | Killed an ironbound preserver
   427 | D        | Killed an ironbound preserver
   428 | D        | Killed a vault sentinel
   428 | D        | Killed a vault sentinel
   460 | D        | Lost intelligence.
   490 | D        | Entered arena 10.
   490 | D        | Noticed an eye of devastation
   490 | D        | Noticed a shining eye
   491 | D        | Found a transporter.
   497 | D        | Killed an eye of devastation
   502 | D        | Gained mutation: You are frail. (-10% HP) [a shining eye]
   503 | D        | Killed a shining eye
   504 | D        | Reached skill level 15 in Fighting
   504 | D        | Reached skill level 15 in Armour
   504 | D        | Reached skill level 15 in Shields
   535 | D        | Entered arena 11.
   535 | D        | Noticed a tentacled starspawn
   535 | D        | Noticed a wretched star
   536 | D        | Found a transporter.
   539 | D        | Reached XP level 11. HP: 100/100 MP: 10/10
   542 | D        | Killed a wretched star
   546 | D        | Killed a tentacled starspawn
   605 | D        | Entered arena 12.
   605 | D        | Noticed Geniwuza the pandemonium lord
   605 | D        | Noticed a blizzard demon
   605 | D        | Noticed a Tzitzimitl
   606 | D        | Noticed Pozuobut the pandemonium lord
   606 | D        | Noticed an Executioner
   606 | D        | Noticed a sixfirhy
   607 | D        | Found a transporter.
   611 | D        | Killed a sixfirhy
   614 | D        | Noticed a soul eater
   615 | D        | Noticed a Brimstone Fiend
   618 | D        | Noticed a green death
   618 | D        | Killed an Executioner
   619 | D        | HP: 4/101 [Pozuobut the pandemonium lord/bolt of negative
                  | energy (26)]
   624 | D        | Killed a Tzitzimitl
   624 | D        | Killed a blizzard demon
   625 | D        | Killed from afar by Geniwuza the pandemonium lord

Illustrated notes

Levels and vault maps discovered:
D:        sprint_v [room_start, room_1, room_2, room_3, room_4, room_5, room_6,
          room_7, room_8, room_9, room_10, room_11, room_12, room_13, room_14,
          room_15, room_16, room_17, room_18, room_19, room_20, room_21,
          room_22, room_23, room_24, room_25, room_26, room_27]

Skill      XL: |  1  2  3  4  5  6  7  8  9 10 11 |
---------------+----------------------------------+-----
Axes           | 9 15 18 19 | 19.3
Fighting       | 5 7 9 12 15 17 | 17.7
Armour         | 5 7 9 12 15 17 | 17.7
Shields        | 5 7 9 12 15 17 | 17.8

Action                     |  1- 3 |  4- 6 |  7- 9 | 10-12 || total
---------------------------+-------+-------+-------+-------++-------
  Melee: Broad axe         |     3 |     4 |    32 |    33 ||    72
         Headbutt          |       |       |     4 |     6 ||    10
 Invoke: Potion Petition   |       |       |       |     2 ||     2
    Use: Potion            |     1 |       |       |     3 ||     4
   Stab: Distracted        |       |       |     1 |     1 ||     2
 Armour: Plate armour      |     3 |       |     5 |    23 ||    31
  Dodge: Dodged            |       |       |     1 |     5 ||     6
  Block: Kite shield       |     4 |    10 |    34 |    52 ||   100
